 Dungeon Crawl Stone Soup version 0.31-a0-750-gfe7b580527 (webtiles) character file.

Game seed: 798879600930547380

2557 javelincjr the Sneak (level 9, -2/51 HPs)
             Began as an Octopode Conjurer on Sept 14, 2023.
             Was a Follower of Sif Muna.
             Succumbed to a killer bee's poison
             ... on level 8 of the Dungeon.
             The game lasted 00:26:26 (8886 turns).

javelincjr the Sneak (Octopode Conjurer)            Turns: 8886, Time: 00:26:26

Health: -2/51      AC:  1    Str:  9    XL:     9   Next: 56%
Magic:  6/17       EV: 15    Int: 28    God:    Sif Muna [*.....]
Gold:   354        SH:  7    Dex: 17    Spells: 14/19 levels left

rFire   + . .        l - +5 short sword "Vikiomm" {holy, Str+3}
rCold   . . .        e - +2 buckler
rNeg    + . .        (helmet restricted)
rPois   .            (no amulet)
rElec   .            h - ring of fire
rCorr   .            t - ring of Puenav {rN+ Int+4 Dex+6 Stlth-}
SInv    .            v - ring of protection from cold
Will    .....        (no ring)
Stlth   ++++         (no ring)
HPRegen 0.28/turn    (no ring)
MPRegen 0.15/turn    (no ring)
                     (no ring)

%: no passive effects
@: lethally poisoned (-2 -> -14), invisible
A: almost no armour, amphibious, 8 rings, camouflage 1, gelatinous body 1,
(nimble swimmer 1), tentacles
a: Renounce Religion, Channel Magic


You were on level 8 of the Dungeon.
You worshipped Sif Muna.
Sif Muna was aware of your devotion.
You visited 2 branches of the dungeon, and saw 9 of its levels.

You collected 354 gold pieces.

Inventory:

Hand Weapons
 j - a +4 dagger
 l - the +5 short sword "Vikiomm" (weapon) {holy, Str+3}
   (You found it on level 3 of the Dungeon)

   Str+3:     It affects your strength (+3).
Missiles
 f - a throwing net
Armour
 e - a +2 buckler (worn)
Jewellery
 h - a ring of fire (left tentacle)
 t - the ring of Puenav (right tentacle) {rN+ Int+4 Dex+6 Stlth-}
   (You took it off a gnoll bouda on level 7 of the Dungeon)

   [ring of dexterity]

   Int+4:     It affects your intelligence (+4).
   Dex+6:     It affects your dexterity (+6).
   rN+:       It protects you from negative energy.
   Stlth-:    It makes you less stealthy.
 v - a ring of protection from cold (on tentacle)
Scrolls
 g - 8 scrolls of teleportation
 o - 2 scrolls of vulnerability
 q - a scroll of identify {unknown}
 r - 2 scrolls of immolation
Potions
 a - a potion of magic
 b - a potion of attraction {unknown}
 c - a potion of lignification {unknown}
 d - a potion of ambrosia {unknown}
 i - 2 potions of invisibility
 k - a potion of haste {unknown}
 m - 3 potions of curing {unknown}
 n - 2 potions of brilliance {unknown}
 p - a potion of degeneration {unknown}
 u - a potion of mutation {unknown}
 w - a potion of heal wounds {unknown}
 x - a potion of berserk rage {unknown}


   Skills:
 + Level 1.6 Short Blades
 + Level 5.1 Dodging
 + Level 7.5 Stealth
 + Level 4.4 Shields
 * Level 5.6 Spellcasting
 + Level 6.2 Conjurations
 + Level 4.2 Fire Magic
 + Level 3.1 Invocations


You had 14 spell levels left.
You knew the following spells:

 Your Spells              Type           Power      Damage    Failure   Level
a - Magic Dart            Conj           100%       1d8       1%          1
b - Searing Ray           Conj           84%        2d7       1%          2
c - Scorch                Fire           94%        2d8       2%          2

Your spell library contained the following spells:

 Spells                   Type           Power      Damage    Failure   Level
 Shock                    Conj/Air       100%       1d9       2%          1
 Dazzling Flash           Conj/Hex       50%        N/A       8%          3
 Flame Wave               Conj/Fire      54%        2d13      11%         4
 Fulminant Prism          Conj/Hex       12%        3d8       26%         4
 Iskenderun's Mystic Bla  Conj/Tloc      25%        2d7       26%         4
 Swiftness                Air            7%         N/A       28%         3
 Airstrike                Air            3%         2d(1-17)  67%         4
 Manifold Assault         Tloc           7%         N/A       67%         4
 Agony                    Necr           7%         N/A       95%         5
 Silence                  Hex/Air        3%         N/A       95%         5
 Dispersal                Tloc           3%         N/A       100%        6
 Summon Cactus Giant      Summ           3%         N/A       100%        6
 Disjunction              Tloc           3%         N/A       100%        8


Dungeon Overview and Level Annotations

Branches:
Dungeon (8/15)             Temple (1/1) D:6
   Lair: D:8-11

Altars:
Ashenzari
Cheibriados
Dithmenos
Elyvilon
Fedhas
Gozag
Hepliaklqana
Kikubaaqudgha
Makhleb
Nemelex Xobeh
Okawaru
Qazlal
Ru
Sif Muna
Trog
Uskayaw
Vehumet
Wu Jian
Xom
Yredelemnul
Zin
The Shining One

Shops:
D:1 [   D:6 [

Annotations:
D:6 Jeremiah


Innate Abilities, Weirdness & Mutations

You cannot wear most types of armour.
You are amphibious.
You can wear up to eight rings at the same time.
Your skin changes colour to match your surroundings (Stealth+).
Your rubbery body absorbs attacks. (AC +1, EV +1)
((You are camouflaged when in or above water. (Stealth+)))
You have tentacles for arms and can constrict up to eight enemies at once.


Message History

You kill the killer bee!
Sif Muna accepts your kill.
The searing ray misses the killer bee.
The killer bee stings you. You block the killer bee's attack. x2
The searing ray hits the killer bee!
The killer bee is almost dead.
The searing ray hits the killer bee!
You kill the killer bee!
Sif Muna accepts your kill.
You finish channelling your searing ray.
The killer bee stings you! The killer bee stings you.
You are poisoned.
The killer bee poisons you! The killer bee stings you.
* * * LOW HITPOINT WARNING * * *
The killer bee completely misses you.
You feel very sick.
The killer bee stings you but does no damage.
You block the killer bee's attack.
Casting: Searing Ray (safe; 1% risk of failure)
Confirm with . or Enter, or press ? or * to list all spells.
You feel a surge of power!
Flames lash the killer bee.
The killer bee is heavily wounded.
The killer bee's fire resistance burns away.
You feel sick. You block the killer bee's attack. x2
The killer bee barely misses you. The killer bee misses you.
Casting: Scorch (safe; 2% risk of failure)
Confirm with . or Enter, or press ? or * to list all spells.
You feel a surge of power!
Flames lash the killer bee.
The killer bee is burned terribly!
You kill the killer bee!
Sif Muna accepts your kill.
You feel sick. The killer bee stings you.
* * * LOW HITPOINT WARNING * * *
You are lethally poisoned!
The killer bee poisons you! The killer bee stings you.
* * * LOW HITPOINT WARNING * * *
The killer bee misses you. You block the killer bee's attack.
It was a potion of invisibility.
You fade into invisibility!
You die...

.##.........#####......##
............# ..#.##
#.........# ..##
#._..8.._.# #.........#
##........# #........#
###......# #####@## #yy#
##†.# #.... #..... .....
.... .... ...


You could see 2 killer bees.

Vanquished Creatures
  A troll (D:7)
  Sigmund (D:6)
  A wyvern (D:7)
  A sky beast (D:6)
  2 orc warriors
  2 phantoms
  2 scorpions (D:6)
  3 bullfrogs
  3 wights (D:7)
  4 killer bees (D:8)
  A howler monkey (D:4)
  5 hounds
  2 jellies (D:6)
  8 orc priests
  A gnoll bouda (D:7)
  2 iguanas (D:5)
  5 orc wizards
  9 gnolls
  6 adders
  A shadow imp (D:5)
  2 white imps
  3 ufetubi
  4 dart slugs
  A worm (D:2)
  16 orcs
  9 bats
  3 endoplasms
  5 giant cockroaches
  8 goblins
  4 hobgoblins
  6 jackals
  6 kobolds
  5 quokkas
  7 ball pythons
  4 frilled lizards
  2 rats (D:2)
145 creatures vanquished.

Vanquished Creatures (collateral kills)
  A shadow imp (D:6)
1 creature vanquished.

Grand Total: 146 creatures vanquished

Notes
Turn   | Place    | Note
-------+----------+-------------------------------------------
     0 | D:1      | javelincjr the Octopode Conjurer began the quest for the
                  | Orb.
     0 | D:1      | Reached XP level 1. HP: 11/11 MP: 3/3
   244 | D:1      | Found Uwablu's Armour Emporium.
   387 | D:1      | Reached skill level 3 in Stealth
   387 | D:1      | Reached XP level 2. HP: 17/17 MP: 0/5
   390 | D:1      | Learned a level 2 spell: Searing Ray
   858 | D:1      | Reached XP level 3. HP: 21/21 MP: 0/6
  1051 | D:1      | Found a faded altar of an unknown god.
  1092 | D:2      | Learned a level 2 spell: Scorch
  1254 | D:2      | Found a hazy altar of Hepliaklqana.
  2359 | D:3      | Reached XP level 4. HP: 27/27 MP: 2/7
  2383 | D:3      | HP: 1/27 [gnoll/+0 halberd (18)]
  2622 | D:3      | Identified the +5 short sword "Vikiomm" {holy, Str+3}
  2689 | D:3      | Reached skill level 1 in Shields
  2689 | D:3      | Reached skill level 1 in Fire Magic
  2794 | D:3      | Reached skill level 4 in Stealth
  2866 | D:3      | Reached XP level 5. HP: 31/31 MP: 5/9
  3870 | D:4      | Found a hazy altar of Hepliaklqana.
  4032 | D:5      | Entered Level 5 of the Dungeon
  4130 | D:5      | Reached XP level 6. HP: 27/36 MP: 8/10
  4322 | D:5      | Found a sacrificial altar of Ru.
  4397 | D:5      | Found a basalt altar of Yredelemnul.
  4780 | D:5      | Reached skill level 5 in Stealth
  5171 | D:6      | Reached skill level 5 in Conjurations
  5171 | D:6      | Reached XP level 7. HP: 41/41 MP: 5/12
  5451 | D:6      | Found a staircase to the Ecumenical Temple.
  5517 | Temple   | Entered the Ecumenical Temple
  5528 | Temple   | Became a worshipper of Sif Muna the Loreminder
  5641 | D:5      | Found a white marble altar of Elyvilon.
  5641 | D:5      | Found a shadowy altar of Dithmenos.
  5778 | D:6      | Found a sacrificial altar of Ru.
  5789 | D:6      | Noticed Sigmund
  5797 | D:6      | Killed Sigmund
  5798 | D:6      | Reached XP level 8. HP: 46/46 MP: 4/13
  6086 | D:6      | Noticed Jeremiah
  6100 | D:6      | Reached skill level 6 in Stealth
  6100 | D:6      | Reached skill level 1 in Invocations
  6539 | D:6      | Found El's Dragon-Slaying Spoils.
  7106 | D:7      | Reached * piety under Sif Muna
  7374 | D:7      | Identified the ring of Puenav {rN+ Int+4 Dex+6 Stlth-}
  7546 | D:7      | Noticed a wyvern
  7554 | D:7      | Killed a wyvern
  7555 | D:7      | Reached XP level 9. HP: 21/51 MP: 1/16
  7679 | D:7      | Reached skill level 5 in Spellcasting
  7845 | D:7      | Reached skill level 7 in Stealth
  8146 | D:7      | Noticed a troll
  8154 | D:7      | Killed a troll
  8155 | D:7      | Reached skill level 5 in Dodging
  8356 | D:7      | Reached skill level 1 in Short Blades
  8857 | D:8      | Found a burning altar of Makhleb.
  8858 | D:8      | Found an ancient bone altar of Kikubaaqudgha.
  8885 | D:8      | HP: 1/51 [killer bee (4)]
  8886 | D:8      | Succumbed to a killer bee's poison

Illustrated notes

Levels and vault maps discovered:
D:1:      minmay_arrival_widening_spiral_narrow, layout_basic,
          hellmonk_ecumenical_altar_heavens_door, serial_shops, shop,
          chequers_serial_rivers_micro_c
D:2:      layout_basic, basic_altar
D:3:      layout_loops_ring, grunt_decor_one_mirror,
          chequers_serial_rivers_micro_b
D:4:      layout_cave_pools, serial_park, serial_park_avenue1,
          serial_park_tiny_pond, serial_park_square1
          [serial_park_minivault_5x5_3], serial_park_gazebo
          [serial_park_minivault_5x5_2]
D:5:      layout_gridville, mainiacjoe_overflow_paths,
          nicolae_overflow_hidden_temple, st_stairs_6, minmay_ruined_shrine
D:6:      layout_layer_cave, nicolae_ru_sacrificial_ziggurat,
          minmay_temple_entry_proselytizer, minmay_misc_feat_alley,
          nicolae_shop_dragon_depot, minmay_misc_feat_square, uniq_jeremiah,
          uniq_sigmund
D:7:      layout_basic
D:8:      layout_cave_pods, grunt_temple_overflow_open, enter_bailey_2
Temple:   nicolae_temple_superstar

Skill      XL: |  1  2  3  4  5  6  7  8  9 |
---------------+----------------------------+-----
Stealth        | 3 4 5 6 7 |  7.5
Shields        | 1 2 3 4 |  4.4
Fire Magic     | 1 2 3 4 |  4.2
Dodging        | 3 4 5 |  5.1
Spellcasting   | 3 4 5 |  5.6
Conjurations   | 5 6 |  6.2
Invocations    | 2 3 |  3.1
Short Blades   | 1 |  1.6

Action                     |  1- 3 |  4- 6 |  7- 9 || total
---------------------------+-------+-------+-------++-------
  Melee: Unarmed           |     5 |       |       ||     5
         Tentacles         |     3 |     3 |     5 ||    11
         Constrict         |     2 |     4 |     4 ||    10
         Punch             |     1 |       |     1 ||     2
         Dagger            |       |     4 |       ||     4
         Short sword       |       |    25 |    25 ||    50
   Cast: Magic Dart        |    70 |    78 |    70 ||   218
         Searing Ray       |     1 |     7 |    32 ||    40
         Scorch            |       |       |    13 ||    13
    Use: Scroll            |       |       |    12 ||    12
         Potion            |       |       |     1 ||     1
   Stab: Sleeping          |     1 |     1 |     1 ||     3
 Armour: Skin              |     4 |    18 |    41 ||    63
  Dodge: Dodged            |     4 |    26 |    34 ||    64
  Block: Buckler           |       |     4 |    25 ||    29

Table legend: (Time is in decaauts)
 A = Elapsed time spent in this place.
 B = Non-inter-level travel time spent in this place.
 C = Inter-level travel time spent in this place.
 D = Time resting spent in this place.
 E = Time spent auto-exploring this place.
 F = Levels seen in this place.
 G = Mean time per level.
                   A        B        C        D        E       F      G
               +--------+--------+--------+--------+--------+-----+--------+
         Total |   8888 |   8649 |    239 |    684 |   6777 |   9 |  987.6 |
       Dungeon |   8862 |   8642 |    220 |    684 |   6777 |   8 | 1107.8 |
        Temple |     25 |      6 |     19 |      0 |      0 |   1 |   25.0 |
               +--------+--------+--------+--------+--------+-----+--------+

Top non-repeatable levels by time:
     D:6: 2142 daAuts
     D:7: 1306 daAuts
     D:2: 1205 daAuts
     D:1: 1072 daAuts
     D:3: 1044 daAuts
     D:5: 996 daAuts
     D:4: 709 daAuts
     D:8: 385 daAuts
  Temple: 25 daAuts
